 Dungeon Crawl Stone Soup version 0.23.2-40-g277498a001 (webtiles) character file.

Game seed: 11149618444137931715

3611 Clehvi the Covert (level 9, -7/44 HPs)
             Began as a Spriggan Warper on Oct 11, 2019.
             Was an Initiate of Gozag.
             Killed from afar by an electric eel (9 damage)
             ... with a bolt of electricity
             ... on level 9 of the Dungeon.
             The game lasted 01:38:57 (15858 turns).

Clehvi the Covert (Spriggan Warper)                Turns: 15858, Time: 01:38:57

Health: -7/44      AC:  5    Str:  7    XL:     9   Next: 86%
Magic:  16/16      EV: 23    Int: 15    God:    Gozag
Gold:   1087       SH:  6    Dex: 18    Spells: 14/16 levels left

rFire    + + .     SeeInvis +   n - +3 dagger (freeze)
rCold    + + .     Gourm    .   O - +0 buckler
rNeg     . . .     Faith    .   I - +1 robe {rC+}
rPois    +         Spirit   .   a - +2 hat
rElec    .         Reflect  .   D - scarf {rC+ rF+}
rCorr    .         Harm     .   (gloves unavailable)
MR       +....                  (boots unavailable)
Stlth    ++++......             (no amulet)
HPRegen  0.14/turn              K - ring of poison resistance
MPRegen  0.15/turn              y - ring of protection from fire

@: very quick
A: very small, unfitting armour, see invisible, herbivore, speed 3, slow
metabolism 2
a: Potion Petition, Call Merchant, Bribe Branch, Renounce Religion


You were on level 9 of the Dungeon.
You worshipped Gozag.
Gozag was most pleased with you.
You were not hungry.

You visited 2 branches of the dungeon, and saw 10 of its levels.

You collected 1175 gold pieces.
You paid 88 gold pieces to Gozag.

Inventory:

Hand Weapons
 n - a +3 dagger of freezing (weapon)
 q - a +0 hunting sling
Missiles
 e - 4 tomahawks of dispersal
 h - 3 poisoned tomahawks
 k - 80 stones (quivered)
 m - 30 poisoned needles
 E - 66 arrows
 F - a sling bullet
Armour
 a - a +2 hat (worn)
 D - a scarf of resistance (worn)
 I - a +1 robe of cold resistance (worn)
 O - a +0 buckler (worn)
Jewellery
 y - a ring of protection from fire (right hand)
 K - a ring of poison resistance (left hand)
Wands
 b - a wand of enslavement (9)
 G - a wand of clouds (6)
 J - a wand of digging (2)
 L - a wand of random effects (18)
Scrolls
 c - 7 scrolls of identify
 d - a scroll of blinking
 i - a scroll of teleportation
 j - 2 scrolls of fear
 p - 2 scrolls of immolation {unknown}
 r - 3 scrolls of remove curse
 u - 3 scrolls of fog
 v - 3 scrolls of random uselessness {unknown}
 w - a scroll of enchant armour {unknown}
 B - 4 scrolls of magic mapping
 C - a scroll of enchant weapon
 H - a scroll of amnesia {unknown}
 N - a scroll of noise {unknown}
Potions
 g - a potion of mutation
 l - a potion of invisibility {unknown}
 o - 4 potions of might
 s - a potion of degeneration
 t - a potion of lignification
 x - a potion of magic
 z - a potion of haste {unknown}
 A - 2 potions of curing
Comestibles
 f - 17 rations


   Skills:
 - Level 3.0 Fighting
 + Level 7.8 Short Blades
 + Level 8.5(8.6) Slings
 - Level 1.0(4.5) Throwing
 - Level 8.0 Dodging
 + Level 9.1 Stealth
 + Level 1.5 Shields
 - Level 4.0 Spellcasting
 + Level 7.7 Translocations


You had 14 spell levels left.
You knew the following spells:

 Your Spells              Type           Power        Failure   Level  Hunger
a - Blink                 Tloc           N/A          1%          2    ##.....

Your spell library contained the following spells:

 Spells                   Type           Power        Failure   Level  Hunger
 Gell's Gravitas          Tloc           ####......   3%          3    ###....
 Lesser Beckoning         Tloc           ####......   3%          3    ###....
 Teleport Other           Tloc           ####....     3%          3    ###....
 Shroud of Golubria       Chrm/Tloc      ##........   9%          2    ##.....
 Passage of Golubria      Tloc           N/A          11%         4    ####...
 Corona                   Hex            #......      26%         1    None
 Flame Tongue             Conj/Fire      #....        26%         1    None
 Ensorcelled Hibernation  Hex/Ice        #.....       36%         2    ##.....
 Throw Flame              Conj/Fire      #.....       36%         2    ##.....
 Confuse                  Hex            #.......     61%         3    ###....
 Conjure Flame            Conj/Fire      #.......     61%         3    ###....
 Dazzling Spray           Conj/Hex       #.....       61%         3    ###....
 Inner Flame              Hex/Fire       #.......     61%         3    ###....
 Tukima's Dance           Hex            #.......     61%         3    ###....
 Sticky Flame             Conj/Fire      #.......     95%         4    ####...
 Fireball                 Conj/Fire      #.........   100%        5    ######.


Dungeon Overview and Level Annotations

Branches:
Dungeon (9/15)             Temple (1/1) D:5            Lair (0/6) D:9
    Orc: D:9-12

Altars:
Ashenzari
Cheibriados
Dithmenos
Elyvilon
Fedhas
Gozag
Hepliaklqana
Kikubaaqudgha
Makhleb
Nemelex Xobeh
Okawaru
Qazlal
Ru
Sif Muna
Trog
Uskayaw
Vehumet
Wu Jian
Xom
Yredelemnul
Zin

Shops:
D:5 =

Annotations:
D:2 1 runed translucent door, exclusions: door and gnoll, Crazy Yiuf
D:7 exclusion: electric eel, Harold


Innate Abilities, Weirdness & Mutations

You are very small and have problems with some larger weapons.
You are too small for most types of armour.
You have supernaturally acute eyesight. (SInv)
You are a herbivore.
You cover ground extremely quickly.
You need to consume almost no food.


Message History

The bolt of electricity hits you!!
* * * LOW HITPOINT WARNING * * *
You are too injured to fight recklessly!
You are too injured to fight recklessly!
You miss the electric eel.
The electric eel is severely wounded.
The electric eel shoots out a bolt of lightning at you!
The bolt of electricity hits you!
* * * LOW HITPOINT WARNING * * *
You hit the electric eel.
The electric eel seems to slow down.
You freeze the electric eel.
The electric eel is severely wounded.
You miss the electric eel.
The electric eel is severely wounded.
You hit the electric eel. You freeze the electric eel.
The electric eel is almost dead.
The electric eel shoots out a bolt of lightning at you!
The bolt of electricity hits you!
You die...
Your body crumbles into a pile of gold.

≈≈≈≈....≈≈≈≈≈≈≈..+
≈≈≈≈≈≈≈.≈≈≈≈....#
≈≈≈≈≈≈≈≈≈≈.≈..##
≈≈≈≈≈≈≈≈≈...#
≈≈≈≈≈≈..≈≈..#
≈≈≈≈≈.≈..≈.#
≈≈≈≈≈....?.#
..........##
.......@..#
....≈≈;...#
.....(≈≈.....
.......≈..####
..........#
..........#
##.####
#####.#####
#...... #. #..####
#......


You could see an electric eel.

Vanquished Creatures
  A troll (D:9)
  3 hippogriffs
  A spriggan (D:7)
  An orc warrior (D:8)
  3 sky beasts
  An ice beast (D:7)
  4 ogres
  2 centaurs
  A wolf (D:9)
  3 bullfrogs
  4 scorpions
  5 wights (D:6)
  An electric eel (D:9)
  A quasit (D:6)
  2 crimson imps
  6 hounds
  A jelly (D:6)
  3 orc priests
  4 orc wizards
  A bullfrog skeleton (D:5)
  2 iguanas
  6 worker ants
  Robin (D:2)
  10 gnolls
  6 adders
  A shadow imp (D:7)
  An adder skeleton (D:8)
  5 worms
  3 dart slugs (D:1)
  3 leopard geckos
  21 orcs
  5 giant cockroaches
  6 hobgoblins
  8 jackals
  A quokka (D:4)
  A ball python (D:3)
  7 bats
  4 frilled lizards
  16 goblins
  A jackal skeleton (D:6)
  6 kobolds
  A leopard gecko zombie (D:5)
  6 rats
169 creatures vanquished.

Notes
Turn   | Place    | Note
-------+----------+-------------------------------------------
     0 | D:1      | Clehvi the Spriggan Warper began the quest for the Orb.
     0 | D:1      | Reached XP level 1. HP: 10/10 MP: 5/5
   394 | D:1      | Reached XP level 2. HP: 15/15 MP: 6/6
  1331 | D:1      | Reached XP level 3. HP: 18/18 MP: 8/8
  1780 | D:2      | Reached skill level 1 in Stealth
  1999 | D:2      | Found a bloodstained altar of Trog.
  2579 | D:2      | Found a runed translucent door.
  2580 | D:2      | Noticed Crazy Yiuf
  2758 | D:2      | Noticed Robin
  2825 | D:2      | Killed Robin
  3082 | D:2      | Found a burning altar of Makhleb.
  3086 | D:2      | Found a glowing silver altar of Zin.
  3086 | D:2      | Noticed a green death
  3086 | D:2      | Noticed an angel
  3100 | D:2      | Reached skill level 1 in Slings
  3100 | D:2      | Reached XP level 4. HP: 23/23 MP: 9/9
  4646 | D:4      | Reached XP level 5. HP: 23/27 MP: 10/10
  4744 | D:4      | Found a deep blue altar of Sif Muna.
  4883 | D:4      | Reached skill level 2 in Stealth
  5262 | D:4      | Noticed an ogre
  5460 | D:5      | Entered Level 5 of the Dungeon
  5488 | D:5      | Reached skill level 5 in Dodging
  5562 | D:5      | Noticed a sky beast
  5925 | D:4      | Found a hide-covered altar of Uskayaw.
  5925 | D:4      | Found a snail-covered altar of Cheibriados.
  5925 | D:4      | Found an opulent altar of Gozag.
  5926 | D:4      | Found a sacrificial altar of Ru.
  5935 | D:4      | Became a worshipper of Gozag Ym Sagoz the Greedy
  6082 | D:5      | Noticed an ogre
  6221 | D:5      | Reached XP level 6. HP: 20/32 MP: 11/11
  7164 | D:5      | Found a staircase to the Ecumenical Temple.
  7209 | Temple   | Entered the Ecumenical Temple
  7589 | D:5      | Found Venoc's Jewellery Emporium.
  7592 | D:5      | Noticed a sky beast
  7606 | D:5      | Killed a sky beast
  7606 | D:5      | Reached XP level 7. HP: 30/36 MP: 12/12
  7744 | D:5      | Reached skill level 5 in Slings
  7908 | D:6      | Reached skill level 5 in Short Blades
  7908 | D:6      | Reached skill level 3 in Stealth
  8719 | D:6      | Reached skill level 4 in Stealth
  8897 | D:6      | Reached XP level 8. HP: 10/40 MP: 13/13
  9781 | D:6      | Reached skill level 5 in Stealth
  9924 | D:4      | Learned a level 2 spell: Blink
 10602 | D:7      | Reached skill level 5 in Translocations
 11440 | D:6      | Reached skill level 6 in Stealth
 12685 | D:7      | Noticed Harold
 12894 | D:7      | Reached XP level 9. HP: 44/44 MP: 16/16
 13472 | D:7      | Reached skill level 7 in Stealth
 15174 | D:8      | Reached skill level 8 in Stealth
 15384 | D:9      | Found a glowing silver altar of Zin.
 15677 | D:9      | Noticed a troll
 15678 | D:9      | Reached skill level 1 in Shields
 15701 | D:9      | Killed a troll
 15718 | D:9      | Found a staircase to the Lair.
 15740 | D:9      | Reached skill level 9 in Stealth
 15855 | D:9      | HP: 2/44 [electric eel/bolt of electricity (7)]
 15858 | D:9      | Killed from afar by an electric eel

Skill      XL: |  1  2  3  4  5  6  7  8  9 |
---------------+----------------------------+-----
Dodging        | 4 5 6 7 8 |  8.0
Fighting       | 2 3 |  3.0
Stealth        | 1 2 4 6 9 |  9.1
Short Blades   | 3 4 5 6 7 |  7.8
Slings         | 1 2 3 4 5 7 8 |  8.5
Spellcasting   | 4 |  4.0
Translocations | 5 7 |  7.7
Shields        | 1 |  1.5
Throwing       | |  1.0

Action                   |  1- 3 |  4- 6 |  7- 9 || total
-------------------------+-------+-------+-------++-------
Melee: Short sword       |   123 |       |       ||   123
       Dagger            |    45 |   178 |   368 ||   591
 Fire: Hunting sling     |    26 |   137 |   318 ||   481
Throw: Tomahawk          |     1 |       |    14 ||    15
       Stone             |    10 |    15 |   130 ||   155
 Cast: Blink             |       |       |     2 ||     2
Invok: Potion Petition   |       |       |     1 ||     1
  Use: Scroll            |       |     7 |     4 ||    11
 Stab: Sleeping          |     4 |     4 |     4 ||    12
       Distracted        |       |       |     1 ||     1
  Eat: Ration            |       |     2 |     4 ||     6
Armor: Robe              |     9 |       |    10 ||    19
       Animal skin       |     1 |     8 |    11 ||    20
Dodge: Dodged            |   120 |   114 |   246 ||   480
Block: Buckler           |       |       |    11 ||    11
